 Dungeon Crawl Stone Soup version 0.28.0-43-g3370ac3207 (webtiles) character file.

Game seed: 14863143122674352082

1 NinjaNoafa the Cutter (level 1, 6/18 HPs)
             Began as a Human Berserker on Mar 30, 2022.
             Was a Follower of Trog.
             Quit the game on level 1 of the Dungeon.
             The game lasted 00:00:31 (32 turns).

NinjaNoafa the Cutter (Human Berserker)               Turns: 32, Time: 00:00:32

Health: 6/18       AC:  2    Str: 17    XL:     1   Next: 22%
Magic:  1/1        EV: 12    Int:  7    God:    Trog [*.....]
Gold:   15         SH:  0    Dex: 12    Spells: 0/0 levels left

rFire   . . .      SeeInvis .   a - +0 short sword
rCold   . . .      Faith    .   (no shield)
rNeg    . . .      Spirit   .   b - +0 animal skin
rPois   .          Reflect  .   (no helmet)
rElec   .          Harm     .   (no cloak)
rCorr   .          Rampage  .   (no gloves)
Will    .....                   (no boots)
Stlth   +.........              (no amulet)
HPRegen 0.06/turn               (no ring)
MPRegen 0.07/turn               (no ring)

@: no status effects
A: no striking features
a: Renounce Religion, Berserk


You were on level 1 of the Dungeon.
You worshipped Trog.
Trog was aware of your devotion.
You visited 1 branch of the dungeon, and saw 1 of its levels.

You collected 15 gold pieces.

Inventory:

Hand Weapons
 a - a +0 short sword (weapon)
Armour
 b - a +0 animal skin (worn)


   Skills:
 + Level 3.0 Fighting
 + Level 3.0 Short Blades
 + Level 2.0 Armour
 + Level 2.0 Dodging


You couldn't memorise any spells.
You didn't know any spells.
Your spell library was empty.

Dungeon Overview and Level Annotations

Branches:
Dungeon (1/15)

Altars:


Message History

The ball python hisses angrily.
A bat comes into view.
The hobgoblin moves out of view.
The bat moves out of view.
A kobold and a frilled lizard come into view.
The kobold shouts!
The frilled lizard hisses angrily.
You hear an angry hiss.
A hobgoblin and a ball python come into view.
Found 19 stones.
The ball python hisses angrily.
The kobold throws a stone.
The stone closely misses you.
Found a leather armour.
The hobgoblin shouts!
The ball python bites you. The ball python barely misses you.
The kobold throws a stone.
The stone barely misses you. The ball python misses you.
The ball python closely misses you. The bat closely misses you.
You hit the ball python but do no damage.
The bat completely misses you. The ball python misses you. x2
The ball python completely misses you. The ball python barely misses you.
You barely miss the ball python. The bat hits you but does no damage.
The ball python closely misses you. The ball python completely misses you.
The frilled lizard bites you.
The ball python bites you but does no damage.
The ball python misses you.
You closely miss the ball python. The ball python bites you.
The ball python grabs you. The ball python constricts you.
The ball python bites you. The frilled lizard barely misses you.
The ball python barely misses you. The ball python constricts you.
You hit the ball python.
You kill the ball python!
Trog accepts your kill. The bat misses you. The bat barely misses you.
The kobold throws a stone.
The stone barely misses you.
The stone closely misses the ball python.
The ball python bites you. The ball python closely misses you.
The frilled lizard completely misses you.
Welcome back, NinjaNoafa the Human Berserker.
Trog says: Kill them all!
Press ? for a list of commands and other information.
Unknown command.
Are you sure you want to abandon this character and quit the game? (Confirm with "yes".)

##.....♣ ##......♣
........♣♣
#.......♣♣♣♣♣♣. #.
#.............. #.
#...##......... #..
#.#..#.........
#..##
#.##...lS......
#....##.##..b@g.#.
.###.#.##.##....$#⌠#
..........##.K##.#
####.....##..# [..
###......#.##...
.....
..###.≈≈.#......
#####
#...#.≈≈.#.###..#
#.<.#....#.. g..#
#...#....###


You could see a hobgoblin, a bat, a ball python, a kobold and a frilled lizard.

Vanquished Creatures
  A ball python (D:1)
  A frilled lizard (D:1)
2 creatures vanquished.

Notes
Turn   | Place    | Note
-------+----------+-------------------------------------------
     0 | D:1      | NinjaNoafa the Human Berserker began the quest for the Orb.
     0 | D:1      | Reached XP level 1. HP: 18/18 MP: 1/1
    32 | D:1      | Quit the game

Illustrated notes

Levels and vault maps discovered:
D:1:      amcnicky_arrival_double_pillar, layout_loops_ring,
          minmay_crystal_room, kennysheep_decorative_pillar

Action                   || total
-------------------------++-------
Melee: Short sword       ||     6
Armor: Animal skin       ||     2
Dodge: Dodged            ||    23
